 Dungeon Crawl Stone Soup version 0.27.1 (webtiles) character file.

Game seed: 14282697151532081686

218 DearestLeader the Cleaver (level 5, -7/41 HPs)
             Began as a Demonspawn Abyssal Knight on Aug 30, 2021.
             Was a Believer of Lugonu.
             Mangled by Menkaure (17 damage)
             ... on level 4 of the Dungeon.
             The game lasted 00:06:48 (3782 turns).

DearestLeader the Cleaver (DsAK)                    Turns: 3782, Time: 00:06:49

Health: -7/41      AC:  9    Str: 13    XL:     5   Next: 63%
Magic:  7/7        EV:  9    Int: 14    God:    Lugonu [**....]
Gold:   116        SH:  0    Dex: 12    Spells: 1/4 levels left

rFire    . . .     SeeInvis .   a - +1 hand axe
rCold    . . .     Faith    .   (no shield)
rNeg     . . .     Spirit   .   p - +0 scale mail
rPois    .         Reflect  .   (no helmet)
rElec    .         Harm     .   (no cloak)
rCorr    .         Rampage  .   (no gloves)
Will     .....                  (no boots)
Stlth    ..........             (no amulet)
HPRegen  0.13/turn              (no ring)
MPRegen  0.20/turn              (no ring)

@: no status effects
A: molten scales 2, magic regeneration
a: Renounce Religion, Depart the Abyss, Bend Space


You were on level 4 of the Dungeon.
You worshipped Lugonu.
Lugonu was pleased with you.
You visited 1 branch of the dungeon, and saw 4 of its levels.
You visited the Abyss 1 time.

You collected 116 gold pieces.

Inventory:

Hand Weapons
 a - a +1 hand axe (weapon)
Missiles
 q - a throwing net
Armour
 b - a +0 leather armour
 f - a +0 ring mail
 p - a +0 scale mail (worn)
Scrolls
 c - 2 scrolls of teleportation {unknown}
 d - 2 scrolls of immolation
 g - a scroll of vulnerability {unknown}
 i - a scroll of noise {unknown}
 j - a scroll of identify
 l - a scroll of torment {unknown}
 o - a scroll of enchant armour {unknown}
 r - a scroll of fear {unknown}
Potions
 e - a potion of lignification
 h - a potion of heal wounds
 k - a potion of might
 m - a potion of mutation {unknown}
 n - a potion of cancellation {unknown}


   Skills:
 + Level 3.1 Fighting
 * Level 10.2 Axes
 + Level 2.1 Armour
 - Level 1.0 Dodging
 + Level 3.3 Invocations


You had one spell level left.
You knew the following spells:

 Your Spells              Type           Power      Damage    Failure   Level
a - Confusing Touch       Hex            0%         N/A       99%         3

Your spell library contained the following spells:

 Spells                   Type           Power      Damage    Failure   Level
 Slow                     Hex            0%         N/A       90%         2
 Vampiric Draining        Necr           0%         2d6       99%         3


Dungeon Overview and Level Annotations

Branches:
Dungeon (4/15)
 Temple: D:4-7

Altars:

Shops:
D:2 [

Annotations:
D:2 Terence
D:4 Menkaure


Innate Abilities, Weirdness & Mutations

You are mostly covered in molten scales. (AC +3)
You regenerate magic rapidly.


Message History

Menkaure mumbles some strange words.
Menkaure seems to speed up.
You hit the dart slug.
You kill the dart slug!
Lugonu accepts your kill.
Menkaure points at you and mumbles some strange words.
You barely resist. You hit Menkaure.
Menkaure is lightly damaged.
Menkaure hits you!
You hit Menkaure but do no damage.
Menkaure is lightly damaged.
Menkaure blazes with dark energy!
Menkaure casts a spell at you.
You barely resist. You hit Menkaure.
Menkaure is moderately damaged.
Menkaure hits you.
You slash Menkaure!
Menkaure is heavily damaged.
Menkaure closely misses you.
You barely miss Menkaure.
Menkaure is heavily damaged.
You hit Menkaure but do no damage.
Menkaure is heavily damaged.
Menkaure hits you but does no damage.
You slash Menkaure!
Menkaure is almost destroyed.
Menkaure hits you.
You are too injured to fight recklessly!
You are too injured to fight recklessly!
You hit Menkaure but do no damage.
Menkaure is almost destroyed.
Menkaure calls on the powers of darkness!
Your body is wracked with pain!
* * * LOW HITPOINT WARNING * * *
You hit Menkaure.
Menkaure is almost destroyed.
Menkaure hits you!
You die...

## ################
..##......#........
..........#:.......
..........$...@M......
..... #......#........
..... #...............
...##......#........
.....#...##......?. #
##..#..#........... #
###..................
#
#...........#........
# ##....##.#..........


You could see Menkaure (fast).

Vanquished Creatures
  A bullfrog skeleton (D:4)
  2 hound skeletons (D:4)
  4 adders
  3 worms
  2 dart slugs
  An orc (D:4)
  5 ball pythons
  8 endoplasms
  3 giant cockroaches
  A goblin (D:1)
  12 hobgoblins
  9 jackals
  A quokka (D:1)
  3 bats
  2 frilled lizards (D:3)
  2 kobolds
  A rat (D:3)
60 creatures vanquished.

Notes
Turn   | Place    | Note
-------+----------+-------------------------------------------
     0 | Abyss:1  | DearestLeader the Demonspawn Abyssal Knight began the quest
                  | for the Orb.
     0 | Abyss:1  | Reached XP level 1. HP: 18/18 MP: 2/2
    60 | Abyss:1  | Noticed a profane servitor
    61 | D:1      | Escaped the Abyss
   123 | D:1      | Reached skill level 1 in Dodging
   150 | D:1      | Reached skill level 2 in Axes
   365 | D:1      | Found a faded altar of an unknown god.
   385 | D:1      | Reached * piety under Lugonu
   630 | D:1      | Gained mutation: You are partially covered in molten
                  | scales. (AC +2) [demonic ancestry]
   630 | D:1      | Reached XP level 2. HP: 19/24 MP: 4/4
  1435 | D:2      | Gained mutation: You regenerate magic rapidly. [demonic
                  | ancestry]
  1435 | D:2      | Reached XP level 3. HP: 29/29 MP: 5/5
  1467 | D:2      | Reached skill level 3 in Axes
  1477 | D:2      | Reached skill level 10 in Axes
  1477 | D:2      | Reached XP level 4. HP: 18/35 MP: 6/6
  1697 | D:2      | Found Qiraamp's Antique Armour Boutique.
  1836 | D:2      | Noticed Terence
  2416 | D:3      | Reached ** piety under Lugonu
  2869 | D:3      | Gained mutation: You are mostly covered in molten scales.
                  | (AC +3) [demonic ancestry]
  2869 | D:3      | Reached XP level 5. HP: 41/41 MP: 7/7
  3366 | D:2      | Learned a level 3 spell: Confusing Touch
  3767 | D:4      | Noticed Menkaure
  3782 | D:4      | Mangled by Menkaure

Illustrated notes

Levels and vault maps discovered:
D:1:      psy_arrival_terrarium, layout_loops_ring,
          chequers_ecumenical_altar_island
D:2:      layout_basic, serial_shops, nicolae_shop_behind_doors,
          grunt_ministairs_2, chequers_jeans, uniq_terence
D:3:      layout_basic, serial_rivers, chequers_serial_rivers_small_3,
          chequers_serial_rivers_micro_e, chequers_serial_rivers_room_a,
          chequers_serial_rivers_room_a, chequers_serial_rivers_micro_c,
          chequers_serial_rivers_micro_d, amcnicky_mini_corridor_feature,
          minmay_crystal_room, kennysheep_generic_room_11
D:4:      layout_rooms, hex_large, uniq_menkaure

Skill      XL: |  1  2  3 |
---------------+----------+-----
Dodging        | 1 |  1.0
Axes           | 2 10 | 10.2
Armour         | 2 |  2.1
Invocations    | 3 |  3.3
Fighting       | |  3.1

Action                   |  1- 3 |  4- 6 || total
-------------------------+-------+-------++-------
Melee: Hand axe          |    96 |   137 ||   233
Invok: Depart the Abyss  |     1 |       ||     1
  Use: Scroll            |     5 |       ||     5
       Potion            |     1 |       ||     1
Armor: Ring mail         |    37 |    15 ||    52
       Leather armour    |     2 |       ||     2
       Scale mail        |       |    28 ||    28
Dodge: Dodged            |    51 |    60 ||   111
